 Dungeon Crawl Stone Soup version 0.31-a0-691-g409c26aa35 (console) character file.

Game seed: 9779423359279757846

37 petzl the Sneak (level 3, -1/29 HPs)
             Began as a Formicid Delver on Sept 7, 2023.
             Slain by an orc
             ... wielding a +4 hand axe of electrocution
              (5 damage)
             ... on level 4 of the Dungeon.
             The game lasted 00:01:41 (207 turns).

petzl the Sneak (Formicid Delver)                    Turns: 207, Time: 00:01:42

Health: -1/29      AC:  3    Str: 16    XL:     3   Next: 62%
Magic:  7/7        EV: 12    Int: 11    God:
Gold:   14         SH:  0    Dex: 15    Spells: 8/8 levels left

rFire   . . .        a - +0 mace
rCold   . . .        (no shield)
rNeg    . . .        b - +0 leather armour
rPois   .            (helmet unavailable)
rElec   .            (no cloak)
rCorr   .            (no gloves)
SInv    +            (no boots)
Will    .....        (no amulet)
Stlth   +++          (no ring)
HPRegen 0.24/turn    (no ring)
MPRegen 0.10/turn

%: no passive effects
@: no status effects
A: permanent stasis, dig shafts and tunnels, antennae 3, four strong arms
a: Dig, Shaft Self


You were on level 4 of the Dungeon.
You visited 1 branch of the dungeon, and saw 3 of its levels.

You collected 14 gold pieces.

Inventory:

Hand Weapons
 a - a +0 mace (weapon)
Armour
 b - a +0 leather armour (worn)
Wands
 f - a wand of digging (3)
Scrolls
 c - 2 scrolls of fog
 d - a scroll of revelation
 e - a scroll of fear


   Skills:
 - Level 3.2 Fighting
 - Level 2.0 Maces & Flails
 - Level 1.7 Dodging
 - Level 6.0 Stealth
 + Level 3.0 Spellcasting


You had 8 spell levels left.
You didn't know any spells.
Your spell library was empty.

Dungeon Overview and Level Annotations

Branches:
Dungeon (6/15)
 Temple: D:4-7

Altars:
Makhleb

Annotations:
D:4 exclusions: ogre and 2 sensed monsters (detected)
D:5 exclusion: downstairs


Innate Abilities, Weirdness & Mutations

You cannot be hasted, slowed, berserked, paralysed or teleported.
You can dig through walls and to a lower floor.
You have a pair of large antennae on your head. (SInv)
Your four strong arms can wield two-handed weapons with a shield.


Message History

You hit the worm.
The worm is severely wounded.
You hit the worm.
The worm is almost dead.
The worm bites you.
You sock the worm!
You kill the worm!
You start resting.
HP restored.
Really walk into a travel-excluded area?
An orc comes into view. It is wielding a +0 club.
The orc shouts!
A goblin comes into view. It is wielding a +0 club.
The orc moves out of view.
Found a book of Weapons.
An orc comes into view.
It is wielding a +4 hand axe of electrocution.
You hit the orc.
The orc is heavily wounded.
The orc closely misses you.
You thump the orc!
You kill the orc!
Your Spellcasting skill increases to level 3!
You see here a +0 club.
The goblin shouts!
You hit the orc.
The orc is moderately wounded.
The orc hits you with a +4 hand axe of electrocution.
The orc hits you with a +4 hand axe of electrocution!
You hit the orc.
The orc is heavily wounded.
The orc hits you with a +4 hand axe of electrocution.
You closely miss the orc.
The orc is heavily wounded.
The orc barely misses you.
You closely miss the orc.
The orc is heavily wounded.
The orc hits you with a +4 hand axe of electrocution.
* * * LOW HITPOINT WARNING * * *
The orc hits you with a +4 hand axe of electrocution.
You die...

## ## .## .#### #..# ....#
...# ##..######.#.###
##............#
###....>##. ###.#.# {
#..#..# ####.###... #
#....# #### ### .##.####
######....# ..#.###
##.).....# . #.....#
##..#####.# ..
......###..## #.# ,...
.##.#...#.## #.# .... .
#.###...# #.# g...
..##....#######.##..##..
...##.##.........@o......
#.............#...##:.####
......#######.#.### ..#
...... #...# ..# ...##
#...# ... ... #...## ##
#.#..# #.##.# ..##.#
#.##### .. ...


You could see an orc and a goblin.

Vanquished Creatures
  A hound (D:6)
  A worm (D:4)
  An orc (D:4)
  A ball python (D:4)
  A kobold (D:4)
5 creatures vanquished.

Notes
Turn   | Place    | Note
-------+----------+-------------------------------------------
     0 | D:5      | petzl the Formicid Delver began the quest for the Orb.
     0 | D:5      | Reached XP level 1. HP: 18/18 MP: 1/1
     1 | D:6      | Noticed a hound
     7 | D:6      | Killed a hound
     8 | D:6      | Reached XP level 2. HP: 17/24 MP: 1/5
     8 | D:6      | Reached XP level 3. HP: 21/29 MP: 1/7
    51 | D:6      | Noticed a phantom
    70 | D:5      | Found a burning altar of Makhleb.
   132 | D:4      | Noticed an ogre
   207 | D:4      | Slain by an orc

Illustrated notes

Levels and vault maps discovered:
D:4:      layout_rooms
D:5:      layout_loops_ring, lemuel_tele_altar, mainiacjoe_overflow_boulevard,
          tgw_kikubaaqudgha, minmay_temple_entry_statues, roderic_filled_cross,
          uniq_menkaure
D:6:      layout_cave_pools, kennysheep_mini, nrook_campfire,
          minmay_fountain_box, minmay_ogre_servants, uniq_blork_the_orc

Skill      XL: |  1  2  3 |
---------------+----------+-----
Spellcasting   | 2 3 |  3.0
Fighting       | |  3.2
Maces & Flails | |  2.0
Dodging        | |  1.7
Stealth        | |  6.0

Action                     || total
---------------------------++-------
  Melee: Mace              ||    23
   Stab: Sleeping          ||     1
 Armour: Leather armour    ||    14
  Dodge: Dodged            ||    11

Table legend: (Time is in decaauts)
 A = Elapsed time spent in this place.
 B = Non-inter-level travel time spent in this place.
 C = Inter-level travel time spent in this place.
 D = Time resting spent in this place.
 E = Time spent auto-exploring this place.
 F = Levels seen in this place.
 G = Mean time per level.
                   A        B        C        D        E       F      G
               +--------+--------+--------+--------+--------+-----+--------+
         Total |    213 |    213 |      0 |     56 |     25 |   3 |   71.0 |
       Dungeon |    213 |    213 |      0 |     56 |     25 |   3 |   71.0 |
               +--------+--------+--------+--------+--------+-----+--------+

Top non-repeatable levels by time:
     D:4: 115 daAuts
     D:6: 68 daAuts
     D:5: 29 daAuts
